 Dungeon Crawl Stone Soup version 0.31-a0-986-g5e6e4ef867 (webtiles) character file.

Game seed: 15715390553017013662

2595969 kd29 the Metallomancer (level 27, 172/172 HPs)
             Began as a Gargoyle Earth Elementalist on Nov 15, 2023.
             Was the Champion of Vehumet.
             Escaped with the Orb
             ... and 5 runes on Nov 16, 2023!
             The game lasted 05:13:12 (92649 turns).

kd29 the Metallomancer (GrEE)                      Turns: 92649, Time: 05:13:13

Health: 172/172    AC: 38    Str: 21    XL:     27
Magic:  51/52      EV: 19    Int: 32    God:    Vehumet [******]
Gold:   2966       SH: 14    Dex: 17    Spells: 3/59 levels left

rFire   + + +        X - staff of the Lonely Lovers {MP+9 Earth}
rCold   + + +        C - +3 buckler {rF+}
rNeg    + + .        m - +6 leather armour "Hiap" {rF++ Str+3 Int+3}
rPois   ∞            R - +0 mask of the Dragon {Will+ Slay+3 SInv}
rElec   +            P - +2 cloak {rCorr}
rCorr   +            q - +2 pair of gloves {Dex+3}
SInv    +            g - +0 pair of boots "Puott" {Int+2}
Will    +++..        t - amulet "Fidups" {Acrobat rPois rC+ Str+3}
Stlth   +            J - ring "Git Ange" {rC++ rN+ Str+2}
HPRegen 1.28/turn    c - ring of wizardry
MPRegen 0.33/turn

%: acrobat, wizardry (x1)
@: flying, studying 2 skills
A: sickness immunity, AC +20, big wings, negative energy resistance 1,
electricity resistance, torment resistance 1, petrification resistance,
iridescent scales 1, large bone plates 1, agile 1, deformed body, passive
freeze, regeneration 1, screaming 1, evolution 1
0: Orb of Zot
}: 5/15 runes: decaying, slimy, silver, abyssal, gossamer
a: Renounce Religion


You escaped.
You worshipped Vehumet.
Vehumet was exalted by your worship.
You visited 11 branches of the dungeon, and saw 53 of its levels.
You visited the Abyss 2 times.
You also visited: Trove, Sewer, Ice Cave and Wizlab.

You collected 7773 gold pieces.
You spent 4807 gold pieces at shops.

Inventory:

Armour
 g - the +0 pair of boots "Puott" (worn) {Int+2}
   (You acquired it on level 2 of the Lair of Beasts)

   Int+2:     It affects your intelligence (+2).
 j - the +18 shield of the Gong {Loud rN+ Will+ rCorr EV-5}
   (You acquired it on level 5 of the Pits of Slime)

   Loud:      It is deafeningly noisy when blocking attacks.
   EV-5:      It affects your evasion (-5).
   rN+:       It protects you from negative energy.
   Will+:     It increases your willpower.
   rCorr:     It protects you from acid and corrosion.
 m - the +6 leather armour "Hiap" (worn) {rF++ Str+3 Int+3}
   (You bought it in a shop on level 13 of the Dungeon)

   Str+3:     It affects your strength (+3).
   Int+3:     It affects your intelligence (+3).
   rF++:      It greatly protects you from fire.
 q - a +2 pair of gloves of dexterity (worn)
 C - a +3 buckler of fire resistance (worn)
 P - a +2 cloak of preservation (worn)
 R - the +0 mask of the Dragon (worn) {Will+ Slay+3 SInv}
   (You found it on level 5 of the Pits of Slime)

   Slay+3:    It affects your accuracy & damage with ranged weapons and melee
   (+3).
   Will+:     It increases your willpower.
   SInv:      It lets you see invisible.
Magical Staves
 X - the staff of the Lonely Lovers (weapon) {MP+9 Earth}
   (You found it on level 2 of the Depths)

   [staff of earth]

   Base accuracy: +5 Base damage: 5 Base attack delay: 1.2 This weapon's minimum
   attack delay (0.6) is reached at skill level 12.
   MP+9:      It affects your magic capacity (+9).
   Earth:     It increases the power of your Earth spells.
   It falls into the 'Staves' category.
   It is a one-handed weapon.
Jewellery
 c - a ring of wizardry (right hand)
 p - the ring of Wariness {Fire Int+5}
   (You found it on level 4 of the Vaults)

   [ring of fire]

   Fire:      It enhances your fire magic.
   Int+5:     It affects your intelligence (+5).
   rF+:       It protects you from fire.
   rC-:       It makes you vulnerable to cold.
 s - the ring "Cimixt Xelie" {Will+ Dex+6}
   (You found it in a treasure trove)

   [ring of dexterity]

   Dex+6:     It affects your dexterity (+6).
   Will+:     It increases your willpower.
 t - the amulet "Fidups" (around neck) {Acrobat rPois rC+ Str+3}
   (You found it in a treasure trove)

   [amulet of the acrobat]

   Acrobat:   It increases your evasion while moving and waiting.
   Str+3:     It affects your strength (+3).
   rC+:       It protects you from cold.
   rPois:     It protects you from poison
 H - the ring of the Tortoise {AC+8}
   (You took it off a deep elf zephyrmancer on level 3 of the Elven Halls)

   [ring of protection]

   AC+8:      It affects your AC (+8).
 I - an amulet of reflection
 J - the ring "Git Ange" (left hand) {rC++ rN+ Str+2}
   (You bought it in a shop on level 13 of the Dungeon)

   [ring of positive energy]

   Str+2:     It affects your strength (+2).
   rC++:      It greatly protects you from cold.
   rN+:       It protects you from negative energy.
Wands
 a - a wand of flame (14)
 l - a wand of polymorph (35)
 F - a wand of iceblast (47)
 M - a wand of digging (12)
 S - a wand of acid (28)
 V - a wand of mindburst (30)
 Z - a wand of charming (54)
Scrolls
 f - 10 scrolls of teleportation
 h - 10 scrolls of poison
 u - 7 scrolls of enchant weapon
 v - 2 scrolls of amnesia
 w - 9 scrolls of fear
 y - 3 scrolls of torment
 D - 10 scrolls of fog
 L - 3 scrolls of silence
 Q - 6 scrolls of vulnerability
 T - 5 scrolls of summoning
 U - a scroll of revelation
Potions
 d - 4 potions of invisibility
 e - 6 potions of brilliance
 i - 3 potions of cancellation
 r - 14 potions of lignification
 x - 18 potions of curing
 z - 3 potions of berserk rage
 A - 5 potions of haste
 B - 7 potions of enlightenment
 E - 11 potions of might
 G - 9 potions of attraction
 K - 6 potions of ambrosia
 N - 5 potions of resistance
Miscellaneous
 o - a tin of tremorstones (2/2)
 O - a lightning rod (4/4)
 W - a phantom mirror


   Skills:
 + Level 17.3 Fighting
 - Level 12.0 Staves
 - Level 5.4 Armour
 - Level 12.3 Dodging
 - Level 2.1 Stealth
 - Level 10.6 Shields
 + Level 16.7 Spellcasting
 + Level 22.3 Conjurations
 - Level 4.0 Summonings
 - Level 5.0 Necromancy
 - Level 9.0 Transmutations
 * Level 17.2 Fire Magic
 - Level 22.4 Earth Magic
 - Level 12.0 Poison Magic
 - Level 14.5 Evocations


You had 3 spell levels left.
You knew the following spells:

 Your Spells              Type           Power      Damage    Failure   Level
a - Sandblast             Erth           100%       2d20      0%          1
b - Fire Storm            Conj/Fire      50%        8d13      7%          9
c - Passwall              Tmut/Erth      94%        N/A       0%          2
d - Ignition              Fire           47%        3d13      1%          8
e - Bombard               Conj/Erth      65%        9d11      1%          6
f - Spellforged Servitor  Conj/Summ      42%        N/A       1%          7
g - Lehudib's Crystal Sp  Conj/Erth      65%        10d15     1%          8
h - Lee's Rapid Deconstr  Erth           65%        3d30*     0%          5
i - Borgnjor's Vile Clut  Necr/Erth      53%        N/A       1%          5
j - Swiftness             Air            26%        N/A       2%          3
k - Blink                 Tloc           52%        N/A       1%          2

Your spell library contained the following spells:

 Spells                   Type           Power      Damage    Failure   Level
 Chain Lightning          Conj/Air       39%        3d52      83%         9
 Foxfire                  Conj/Fire      100%       2x1d9     0%          1
 Kiss of Death            Conj/Necr      100%       2d13      0%          1
 Magic Dart               Conj           100%       1d8       0%          1
 Shock                    Conj/Air       100%       1d9       0%          1
 Scorch                   Fire           100%       2d9       0%          2
 Stone Arrow              Conj/Erth      100%       3d13      0%          3
 Apportation              Tloc           52%        N/A       1%          1
 Necrotise                Necr           100%       1d9       1%          1
 Sting                    Tmut/Pois      100%       1d8       1%          1
 Summon Small Mammal      Summ           100%       N/A       1%          1
 Call Imp                 Summ           100%       N/A       1%          2
 Jinxbite                 Hex            52%        N/A       1%          2
 Lesser Beckoning         Tloc           52%        N/A       1%          2
 Momentum Strike          Conj/Tloc      100%       3d10      1%          2
 Poisonous Vapours        Pois/Air       100%       N/A       1%          2
 Static Discharge         Conj/Air       100%       3-8/arc   1%          2
 Wereblood                Tmut           71%        N/A       1%          2
 Call Canine Familiar     Summ           51%        N/A       1%          3
 Hailstorm                Conj/Ice       78%        3d16      1%          3
 Ignite Poison            Fire/Tmut/Pois 83%        N/A       1%          3
 Inner Flame              Hex/Fire       69%        N/A       1%          3
 Mephitic Cloud           Conj/Pois/Air  79%        N/A       1%          3
 Summon Guardian Golem    Hex/Summ       39%        N/A       1%          3
 Vampiric Draining        Necr           56%        2d10      1%          3
 Volatile Blastmotes      Fire/Tloc      100%       2d18      1%          3
 Confusing Touch          Hex            26%        N/A       2%          3
 Gell's Gravitas          Tloc           26%        N/A       2%          3
 Ozocubu's Armour         Ice            26%        N/A       2%          3
 Sigil of Binding         Hex            26%        N/A       2%          3
 Teleport Other           Tloc           26%        N/A       2%          3
 Brom's Barrelling Bould  Conj/Erth      100%       2d11      0%          4
 Flame Wave               Conj/Fire      100%       2d21      0%          4
 Animate Armour           Summ/Erth      100%       N/A       1%          4
 Animate Dead             Necr           56%        N/A       1%          4
 Dispel Undead            Necr           56%        3d20      1%          4
 Fulminant Prism          Conj/Hex       39%        3d17      1%          4
 Iskenderun's Mystic Bla  Conj/Tloc      78%        2d16      1%          4
 Olgreb's Toxic Radiance  Pois           80%        N/A       1%          4
 Petrify                  Tmut/Erth      100%       N/A       1%          4
 Alistair's Intoxication  Tmut/Pois      50%        N/A       1%          5
 Arcjolt                  Conj/Air       39%        1d49      1%          5
 Freezing Cloud           Conj/Ice/Air   32%        6-21      1%          5
 Irradiate                Conj/Tmut      45%        3d26      1%          5
 Yara's Violent Unravell  Hex/Tmut       26%        3d11      1%          5
 Eringya's Noxious Bog    Tmut/Pois      38%        4d6       1%          6
 Plasma Beam              Fire/Air       34%        2x1d47    1%          6
 Starburst                Conj/Fire      50%        6d14      1%          6
 Orb of Destruction       Conj           53%        9d13      1%          7
 Airstrike                Air            13%        2d(2-18)  2%          4
 Anguish                  Hex/Necr       21%        N/A       2%          4
 Summon Ice Beast         Ice/Summ       39%        N/A       3%          4
 Summon Lightning Spire   Summ/Air       39%        N/A       3%          4
 Manifold Assault         Tloc           26%        N/A       9%          4
 Vhi's Electric Charge    Tloc/Air       52%        N/A       9%          4
 Summon Mana Viper        Hex/Summ       39%        N/A       10%         5
 Death Channel            Necr           28%        N/A       16%         6
 Metabolic Englaciation   Hex/Ice        13%        N/A       22%         5
 Summon Cactus Giant      Summ           25%        N/A       24%         6
 Simulacrum               Ice/Necr       21%        N/A       38%         6
 Dispersal                Tloc           13%        N/A       73%         6
 Monstrous Menagerie      Summ           25%        N/A       75%         7
 Summon Hydra             Summ           25%        N/A       75%         7
 Ozocubu's Refrigeration  Ice            13%        4d10      78%         7
 Enfeeble                 Hex            13%        N/A       99%         7
 Infestation              Necr           28%        N/A       99%         8
 Discord                  Hex            13%        N/A       100%        8
 Disjunction              Tloc           13%        N/A       100%        8
 Polar Vortex             Ice            13%        12d1*     100%        9
 Cigotuvi's Dreadful Rot  Necr/Pois/Air  Unusable   N/A       N/A         2
 Sublimation of Blood     Necr           Unusable   N/A       N/A         2

Dungeon Overview and Level Annotations

Branches:
Dungeon (15/15)            Temple (1/1) D:4            Lair (5/5) D:9
  Swamp (4/4) Lair:3       Spider (4/4) Lair:2        Slime (5/5) Lair:5
    Orc (2/2) D:11            Elf (3/3) Orc:2        Vaults (5/5) D:14
  Crypt (0/3) Vaults:2     Depths (4/4) D:15            Zot (5/5) Depths:4
  Sewer (visited)           IceCv (visited)          WizLab (visited)

Altars:
Ashenzari
Cheibriados
Dithmenos
Elyvilon
Fedhas
Gozag
Hepliaklqana
Kikubaaqudgha
Makhleb
Nemelex Xobeh
Okawaru
Qazlal
Ru
Sif Muna
Trog
Uskayaw
Vehumet
Wu Jian
Xom
Yredelemnul
Zin
The Shining One
Jiyva

Shops:
D:3 [[   D:8 (   D:13 [(:=   Orc:2 !*(?   Elf:3 *:[[   Vaults:3 *   Vaults:4 *[
Depths:3 (!!**   Depths:4 (*(

Portals:
Hell: Depths:1 Depths:2 Depths:3 Depths:4
Abyss: Depths:1 Depths:2 Depths:3
Pandemonium: Depths:2 Depths:4
Ziggurat: Depths:3

Annotations:
D:5 3 runed translucent doors, Duuthrak's ghost, novice MiFi
D:8 1 runed translucent door, DoNotCum's ghost, novice DECj
Depths:3 2 transporters


Innate Abilities, Weirdness & Mutations

You are immune to sickness and miasma.
Your stone body is resilient. (AC +20)
You are immune to poison.
Your large and strong wings let you fly.
You resist negative energy. (rN+)
You are resistant to electric shocks. (rElec)
You are resistant to unholy torment.
You are immune to petrification.
You are partially covered in iridescent scales. (AC +2)
You are partially covered in large bone plates. (SH +4)
You are agile. (Dex +4, Str/Int -1)
Armour fits poorly on your strangely shaped body.
A frigid envelope surrounds you and freezes all who hurt you.
Your natural rate of healing is unusually fast.
You occasionally shout uncontrollably at your foes.
You have hidden genetic potential.


Message History

There is a stone staircase leading up here.
You fly upwards.
There is a stone staircase leading down here.
There is a stone staircase leading up here.
You fly upwards.
There is a stone staircase leading down here.
Magic restored.
Done exploring.
A sixfirhy comes into view.
You block the sixfirhy's attack.
You can't go up here!
Casting: Lehudib's Crystal Spear (mildly dangerous; 1% risk of failure)
Confirm with . or Enter, or press ? or * to list all spells.
Aiming: Lehudib's Crystal Spear (mildly dangerous; 1% risk of failure)
Press: ? - help, Shift-Dir - straight line, f - sixfirhy
Aim: a sixfirhy (63% to hit)
You feel a surge of power!
The crystal spear hits the sixfirhy!!!
You kill the sixfirhy!
Vehumet accepts your kill.
There is a stone staircase leading up here.
You fly upwards.
There is a stone staircase leading down here.
An Orb Guardian comes into view.
You can't go up here!
Casting: Lehudib's Crystal Spear (mildly dangerous; 1% risk of failure)
Confirm with . or Enter, or press ? or * to list all spells.
Okay, then.
Casting: Lehudib's Crystal Spear (mildly dangerous; 1% risk of failure)
Confirm with . or Enter, or press ? or * to list all spells.
Aiming: Lehudib's Crystal Spear (mildly dangerous; 1% risk of failure)
Press: ? - help, Shift-Dir - straight line, f - Orb Guardian
Aim: an Orb Guardian (78% to hit)
You feel a surge of power!
The crystal spear hits the Orb Guardian!!!!
You kill the Orb Guardian!
Vehumet accepts your kill.
You feel your power returning.
There is a large open door here.
There is a staircase leading out of the dungeon here.
You have escaped!

###### ##########....#
##~~~~~~~~.8.#.#
#~~.....~~~.##.#######
#~..~~~..~~.#........##
#..~~~~~..~.########...
###.~~...~~.~.'..#####...
#.+.~..~@~..~('.....###..
#.+.~.~~...~~.#####......
#.#.~..~~~~~..# #####..
#.#.~~..~~~..~# #..
#.#.~~~.....~~# #..
#..8.~~~~~~~~## ###
#...#####################
##.###...................
#......................#


There were no monsters in sight!

Vanquished Creatures
  the Royal Jelly (Slime:5)
  2 dread liches
  4 orbs of fire (Zot:5)
  4 ancient liches
  2 pandemonium lords
  The ghost of Civybe Ogenn the Slayer, a legendary DsFi of Qazlal (Zot:1)
  The ghost of Vyqe the Cryomancer, a master MfIE of Vehumet (Zot:5)
  Sojobo (Vaults:3)
  4 Killer Klowns (Zot:5)
  Parghit (Zot:1)
  Bai Suzhen (Vaults:2)
  Saint Roka (Depths:2)
  4 curse toes
  11 golden dragons
  Nikola (Spider:4)
  Arachne (Spider:2)
  Jory (Vaults:2)
  The ghost of jestert79 the Spry, an adept DjFE of Dithmenos (Vaults:1)
  A Tzitzimitl (Zot:2)
  3 bone dragons
  3 doom hounds (Zot:2)
  8 electric golems
  15 tentacled monstrosities
  Zenata (Vaults:3)
  Mlioglotl (Spider:1)
  A deep elf blademaster (Elf:3)
  Grunn (Zot:2)
  2 titans (Vaults:5)
  26 Orb Guardians
  2 liches (Depths:2)
  Asterion (Vaults:1)
  3 deep elf master archers (Elf:3)
  2 sphinxes
  4 quicksilver dragons
  22 acid blobs
  A kraken (Abyss:3)
  2 tentacled starspawn (Abyss:4)
  An Executioner (Depths:2)
  7 death cobs
  Agnes (Elf:2)
  9 tengu reavers
  Aizul (Vaults:3)
  8 shadow dragons
  Donald (Elf:2)
  15 storm dragons
  Roxanne (Elf:3)
  9 draconian monks
  14 rockslimes
  5 draconian knights (Zot:2)
  6 fire giants
  19 vault wardens
  5 frost giants
  16 azure jellies
  2 emperor scorpions
  4 ghost moths
  Louise (Elf:3)
  7 deep elf sorcerers
  4 deep elf elementalists
  4 balrugs
  3 spectral caustic shrikes (Depths:2)
  9 draconian scorchers
  5 draconian shifters
  3 ghouls (Swamp:2)
  3 orc warlords
  3 draconian stormcallers
  5 reapers (Zot:2)
  A draconian annihilator (Zot:2)
  3 broodmothers
  4 spriggan defenders
  29 very ugly things
  17 ironbound preservers
  14 stone giants
  7 ironbound thunderhulks
  12 quicksilver oozes
  5 formless jellyfish
  2 war gargoyles (Depths:2)
  6 eleionomae
  12 green draconians
  3 vampire knights
  2 grey draconians (Depths:4)
  11 black draconians
  4 putrid mouths
  8 purple draconians
  8 yellow draconians
  8 deep elf demonologists
  16 deep elf annihilators
  3 spark wasps
  A dire elephant (Vaults:1)
  3 bunyips
  A lorocyproca (Zot:2)
  12 red draconians
  3 white draconians
  7 ettins
  5 deep elf death magi
  2 crystal guardians (Depths:2)
  5 fire dragons
  6 deep elf high priests
  8 entropy weavers
  10 great orbs of eyes
  13 yaktaur captains
  4 rakshasas
  13 hydras
  An entropy weaver (shapeshifter) (D:15)
  36 vault guards
  A peacekeeper (Vaults:4)
  9 ice dragons
  An ogre mage (Vaults:5)
  A hell beast (D:14)
  2 catoblepae
  6 ghost crabs
  A jorogumo (Spider:1)
  9 ironbound frosthearts
  2 spriggan air magi (Depths:1)
  18 centaur warriors
  An anaconda (Lair:4)
  4 radroaches
  28 dancing weapons
  7 alligators
  4 two-headed ogres
  15 boulder beetles
  13 demonic crawlers
  13 deep troll earth magi
  5 deep troll shamans
  3 occultists
  6 tengu warriors
  7 hell hogs (Depths:3)
  A vampire mage (Vaults:2)
  7 orc high priests
  4 spriggan berserkers
  5 thrashing horrors (Abyss:4)
  5 soul eaters
  6 hell knights
  20 deep elf knights
  3 sun demons
  A sixfirhy (D:2)
  2 spark wasp zombies (Depths:1)
  4 iron trolls
  A shadow wraith (Vaults:5)
  A wretched star (Abyss:4)
  A titan skeleton (Depths:1)
  8 goliath frogs
  4 death drakes
  A fire crab (Abyss:3)
  7 pharaoh ants
  9 skeletal warriors
  A spatial maelstrom (Abyss:4)
  5 sun moths
  A quicksilver dragon simulacrum (Depths:1)
  A spectral hydra (Swamp:4)
  A golden dragon zombie (Depths:1)
  6 bog bodies
  9 lindwurms
  2 flayed ghosts
  8 orb spiders
  6 arcanists
  61 deep trolls
  7 swamp dragons
  5 glowing orange brains
  A shadow demon (WizLab)
  5 phantasmal warriors
  9 deep elf archers
  2 spriggan druids
  An orange crystal statue (IceCv)
  8 necromancers
  3 alligator zombies (Swamp:4)
  13 ironbound convokers
  9 orc knights
  27 deep elf pyromancers
  25 deep elf zephyrmancers
  7 steelbarb worms
  5 orc sorcerers
  16 wolf spiders
  5 cyclopes
  7 shining eyes
  A salamander (Depths:3)
  A cyclops (shapeshifter) (Vaults:5)
  A fire giant zombie (Depths:1)
  2 worldbinders (Abyss:4)
  41 ugly things
  27 moths of wrath
  A salamander (shapeshifter) (D:15)
  A moth of wrath (shapeshifter) (Vaults:5)
  8 will-o-the-wisps
  10 black mambas
  2 manticores
  12 vault sentinels
  A guardian serpent (D:12)
  4 gargoyles
  2 smoke demons
  3 eyes of devastation
  22 cane toads
  A hellion (Depths:4)
  An unseen horror (D:12)
  6 torpor snails
  4 freezing wraiths
  2 kobold demonologists (D:12)
  8 komodo dragons
  3 rime drakes
  An efreet (D:15)
  4 swamp worm zombies (Swamp:4)
  An anaconda simulacrum (IceCv)
  3 tormentors (Zot:2)
  3 tengu conjurers
  39 yaktaurs
  16 meliai
  2 polar bears
  A yaktaur skeleton (Vaults:2)
  3 hydra zombies (Swamp:4)
  3 ancient zymes (Abyss:4)
  12 trolls
  4 bloated husks (Swamp:4)
  27 tarantellas
  4 hornets
  14 tyrant leeches
  2 spectral swamp dragons (Swamp:4)
  8 raiju (Abyss:4)
  7 dream sheep (Lair:5)
  A dream sheep (shapeshifter) (Vaults:5)
  25 blink frogs
  3 glass eyes
  2 spriggan zombies (Depths:1)
  A stone giant simulacrum (Vaults:2)
  173 slime creatures
  22 jumping spiders
  A centaur simulacrum (D:15)
  A shadow (D:10)
  17 culicivoras
  7 air elementals
  A vampire (D:10)
  5 spriggans
  3 water elementals
  6 wyverns
  A dire elephant simulacrum (IceCv)
  A ynoxinul (Abyss:3)
  5 fire elementals
  A basilisk (Lair:2)
  17 yaks
  3 wraiths
  2 steam dragons
  35 redbacks
  17 golden eyes
  A large abomination (Abyss:3)
  A spriggan simulacrum (Depths:1)
  A neqoxec (Depths:1)
  17 vampire mosquitoes
  6 chaos spawn
  A spatial vortex (Abyss:4)
  A human simulacrum (Vaults:2)
  14 swamp worms
  4 wargs
  A swamp worm (shapeshifter) (Vaults:5)
  A hydra simulacrum (IceCv)
  A harpy simulacrum (IceCv)
  21 water moccasins
  4 hell hounds
  A nameless horror (Zot:1)
  52 orc warriors
  An ice beast (D:6)
  2 sky beasts (D:7)
  A black bear (Lair:5)
  4 swamp dragon zombies (Swamp:4)
  A swamp drake (Swamp:1)
  An ettin simulacrum (IceCv)
  A human skeleton (Vaults:2)
  11 ogres
  12 wolves
  16 centaurs
  An elf simulacrum (Vaults:2)
  6 phantoms
  A kobold brigand (D:12)
  6 elf zombies (Elf:1)
  23 bullfrogs
  2 earth elementals (Depths:2)
  4 scorpions
  8 wights
  3 lindwurm simulacra (IceCv)
  3 killer bees (D:8)
  3 electric eels
  2 small abominations (Abyss:4)
  A gnoll bouda (D:10)
  4 hounds
  Crazy Yiuf (D:2)
  12 jellies (Lair:5)
  35 orc priests
  An iron imp (Abyss:4)
  3 sleepcaps
  3 iguanas
  3 spectral swamp drakes (Swamp:4)
  24 orc wizards
  12 gnolls
  11 adders
  2 swamp drake zombies (Swamp:4)
  4 white imps
  2 ufetubi (D:6)
  6 worms
  A dart slug (D:2)
  99 orcs
  13 ball pythons
  4 endoplasms
  11 giant cockroaches
  8 goblins
  6 hobgoblins
  8 quokkas
  6 bats
  7 frilled lizards
  8 kobolds
  9 rats
  A starspawn tentacle (Abyss:4)
  2 tentacles (Abyss:3)
2333 creatures vanquished.

Vanquished Creatures (collateral kills)
  An orb of fire (Zot:5)
  Vv (Zot:2)
  An electric golem (Zot:4)
  A draconian monk (Zot:5)
  A shadow dragon (Zot:5)
  A ghost moth (Spider:4)
  A draconian stormcaller (Zot:5)
  A draconian annihilator (Zot:2)
  2 green draconians
  A black draconian (Zot:2)
  3 purple draconians
  A white draconian (Zot:1)
  A moth of wrath (Zot:2)
  A boulder (D:7)
17 creatures vanquished.

Vanquished Creatures (others)
  A deep elf knight (Elf:2)
  A wretched star (Abyss:3)
  A deep elf zephyrmancer (Elf:1)
  2 bloated husks (Swamp:4)
  A culicivora (Spider:4)
  2 swamp worms (Swamp:4)
  An iguana (Lair:3)
  4 boulders
  18 fire vortices
  28 foxfires
  A lurking horror (Abyss:4)
  6 starspawn tentacles (Abyss:4)
  6 tentacles (Abyss:3)
72 creatures vanquished.

Grand Total: 2422 creatures vanquished

Notes
Turn   | Place    | Note
-------+----------+-------------------------------------------
     0 | D:1      | kd29 the Gargoyle Earth Elementalist began the quest for
                  | the Orb.
     0 | D:1      | Reached XP level 1. HP: 10/10 MP: 3/3
   159 | D:1      | Reached XP level 2. HP: 15/15 MP: 0/5
   589 | D:2      | Reached XP level 3. HP: 17/19 MP: 2/6
   594 | D:2      | Learned a level 3 spell: Stone Arrow
   597 | D:2      | Learned a level 2 spell: Passwall
   937 | D:2      | Reached skill level 1 in Conjurations
   937 | D:2      | Reached XP level 4. HP: 24/24 MP: 5/7
  1163 | D:2      | Reached skill level 5 in Earth Magic
  1163 | D:2      | Reached skill level 1 in Evocations
  1360 | D:2      | Found a runed translucent door.
  1361 | D:2      | Noticed Crazy Yiuf
  1572 | D:2      | Killed Crazy Yiuf
  1573 | D:2      | Reached XP level 5. HP: 14/28 MP: 4/9
  1656 | D:3      | Found Foffaygisi's Armour Emporium.
  2106 | D:3      | Found Magyovo's Antique Armour Shop.
  2205 | D:3      | Found a glowing drain.
  2220 | Sewer    | Entered a sewer
  3030 | D:3      | Reached XP level 6. HP: 32/32 MP: 6/10
  3069 | D:3      | Found a white marble altar of Elyvilon.
  3266 | D:4      | Found a staircase to the Ecumenical Temple.
  3278 | Temple   | Entered the Ecumenical Temple
  3306 | Temple   | Became a worshipper of Vehumet
  4379 | D:4      | Reached * piety under Vehumet
  4379 | D:4      | Offered knowledge of Freeze by Vehumet.
  4913 | D:5      | Entered Level 5 of the Dungeon
  4949 | D:5      | Found a runed translucent gate.
  4949 | D:5      | Found a runed translucent gate.
  4949 | D:5      | Found a runed translucent gate.
  4988 | D:5      | Reached XP level 7. HP: 30/36 MP: 7/12
  5568 | D:5      | Noticed Duuthrak's ghost (novice MiFi)
  5789 | D:6      | Reached XP level 8. HP: 39/41 MP: 8/13
  5790 | D:6      | Reached skill level 5 in Conjurations
  5884 | D:6      | Learned a level 4 spell: Olgreb's Toxic Radiance
  6027 | D:6      | Reached skill level 1 in Poison Magic
  6804 | D:7      | Noticed a two-headed ogre
  6822 | D:7      | Reached ** piety under Vehumet
  7469 | D:7      | Found a hazy altar of Hepliaklqana.
  7696 | D:7      | Offered knowledge of Foxfire by Vehumet.
  7697 | D:7      | Reached XP level 9. HP: 45/45 MP: 13/16
  8087 | D:8      | Found a runed translucent door.
  8106 | D:8      | Reached skill level 5 in Spellcasting
  8117 | D:7      | Learned a level 4 spell: Brom's Barrelling Boulder
  8312 | D:7      | Killed a two-headed ogre
  8313 | D:7      | Reached skill level 5 in Poison Magic
  8627 | D:8      | Learned a level 3 spell: Ignite Poison
  8647 | D:8      | Reached skill level 1 in Transmutations
  8650 | D:8      | Reached skill level 1 in Fire Magic
  8813 | D:8      | Found a hide-covered altar of Uskayaw.
  8882 | D:8      | Reached XP level 10. HP: 48/50 MP: 15/18
  8901 | D:8      | Found Wuxuur's Antique Weapon Shop.
  8960 | D:8      | Noticed DoNotCum's ghost (novice DECj)
  9400 | D:9      | Found a staircase to the Lair.
  9923 | D:10     | Entered Level 10 of the Dungeon
 10097 | D:10     | Found a portal to a secret trove of treasure.
 10210 | D:10     | Noticed a gargoyle
 10313 | D:10     | Killed a gargoyle
 10414 | D:10     | Offered knowledge of Frozen Ramparts by Vehumet.
 10519 | D:10     | Found a sacrificial altar of Ru.
 10871 | D:10     | Reached *** piety under Vehumet
 11015 | D:11     | Offered knowledge of Iskenderun's Mystic Blast by Vehumet.
 11146 | D:11     | Found a staircase to the Orcish Mines.
 11327 | D:11     | Noticed a cyclops
 11333 | D:11     | Killed a cyclops
 11588 | D:11     | Reached XP level 11. HP: 48/54 MP: 14/20
 11615 | D:11     | Reached skill level 10 in Earth Magic
 11625 | D:11     | Learned a level 4 spell: Iskenderun's Mystic Blast
 11761 | D:11     | Noticed a cyclops
 11764 | D:11     | Killed a cyclops
 11862 | D:11     | Noticed a two-headed ogre
 11866 | D:11     | Killed a two-headed ogre
 11867 | D:11     | Reached skill level 5 in Fire Magic
 12057 | D:11     | Found a blossoming altar of Fedhas.
 12079 | D:11     | Reached **** piety under Vehumet
 12812 | D:12     | Noticed a deep elf pyromancer
 12819 | D:12     | Killed a deep elf pyromancer
 12925 | D:12     | Noticed a boulder beetle
 12934 | D:12     | Killed a boulder beetle
 13063 | D:12     | Noticed a boulder beetle
 13068 | D:12     | Killed a boulder beetle
 13069 | D:12     | Reached skill level 5 in Transmutations
 13167 | D:12     | Noticed a skeletal warrior
 13309 | Lair:1   | Entered Level 1 of the Lair of Beasts
 13526 | Lair:1   | Offered knowledge of Fulminant Prism by Vehumet.
 13604 | Lair:1   | Reached XP level 12. HP: 60/60 MP: 18/22
 14523 | Lair:2   | Found a hole to the Spider Nest.
 14778 | Lair:2   | Noticed an eight-headed hydra
 15276 | Lair:2   | Identified 4 scrolls of acquirement
 15281 | Lair:2   | Acquired the ring of Lontae {rPois rF+}
 15283 | Lair:2   | Identified the "Gommanask" (You acquired it on level 2 of
                  | the Lair of Beasts)
 15283 | Lair:2   | Acquired the Tome of Indurated Turbulence
 15285 | Lair:2   | Acquired an amulet of magic regeneration
 15292 | Lair:2   | Acquired the +0 pair of boots "Puott" {Int+2}
 15314 | Lair:2   | Learned a level 6 spell: Bombard
 15596 | Lair:3   | Reached skill level 1 in Fighting
 15596 | Lair:3   | Reached skill level 1 in Armour
 15814 | Lair:3   | Found a staircase to the Swamp.
 15897 | Lair:3   | Noticed a boulder beetle
 15908 | Lair:3   | Killed a boulder beetle
 15909 | Lair:3   | Reached skill level 10 in Conjurations
 16409 | Lair:2   | Killed an eight-headed hydra
 16469 | Lair:4   | Reached ***** piety under Vehumet
 16469 | Lair:4   | Offered knowledge of Airstrike by Vehumet.
 16509 | Lair:4   | Reached skill level 10 in Poison Magic
 16518 | Lair:4   | Reached XP level 13. HP: 22/68 MP: 9/24
 16909 | Lair:4   | Learned a level 6 spell: Eringya's Noxious Bog
 17469 | Lair:5   | Entered Level 5 of the Lair of Beasts
 18394 | Lair:5   | Gained mutation: Your large and strong wings let you fly.
                  | [Gargoyle growth]
 18394 | Lair:5   | Reached XP level 14. HP: 76/76 MP: 24/26
 18455 | Lair:5   | Identified the ring of Ikykyiry {rElec rN+ MP-9 Str+2
                  | Int+3}
 18511 | Lair:5   | Offered knowledge of Arcjolt by Vehumet.
 18850 | Lair:5   | Found a staircase to the Slime Pits.
 18852 | Lair:5   | Found a viscous altar of Jiyva.
 19706 | D:12     | Gained mutation: You have hidden genetic defects. [a
                  | neqoxec]
 19791 | D:12     | Lost mutation: You have hidden genetic defects. [potion of
                  | mutation]
 19791 | D:12     | Gained mutation: You are partially covered in iridescent
                  | scales. (AC +2) [potion of mutation]
 19791 | D:12     | Gained mutation: You are somewhat resistant to further
                  | mutation. [potion of mutation]
 20297 | D:12     | Learned a level 5 spell: Lee's Rapid Deconstruction
 20605 | D:13     | Found Zuirchi's Book Boutique.
 20754 | D:13     | Found Ohocet's Antique Weapon Emporium.
 20760 | D:13     | Bought a brightly glowing falchion for 264 gold pieces
 20760 | D:13     | Identified the +1 falchion "Elo Kuij" {antimagic, Fly rElec
                  | rC- rN+} (You bought it in a shop on level 13 of the
                  | Dungeon)
 20760 | D:13     | Bought a polished hand axe for 264 gold pieces
 20760 | D:13     | Identified the +10 hand axe of Tenacity {heavy, *Slow rElec
                  | rC++ Dex+3} (You bought it in a shop on level 13 of the
                  | Dungeon)
 20816 | D:13     | Found Oviumisu's Jewellery Shoppe.
 20821 | D:13     | Bought the ring "Git Ange" {rC++ rN+ Str+2} for 584 gold
                  | pieces
 20950 | D:13     | Found Vomuh's Antique Armour Boutique.
 20977 | D:13     | Bought a runed cloak for 180 gold pieces
 21172 | D:14     | Found a gate to the Vaults.
 21187 | D:14     | Offered knowledge of Starburst by Vehumet.
 21508 | D:14     | Reached skill level 5 in Fighting
 21622 | D:14     | Reached skill level 5 in Armour
 21623 | D:14     | Reached XP level 15. HP: 82/82 MP: 20/28
 22145 | D:14     | Identified the +0 leather armour of Pessimism {Regen+}
 22237 | D:15     | Entered Level 15 of the Dungeon
 22740 | D:15     | Identified the +5 ring mail "Tuona" {rC+ Dex+3}
 22947 | D:15     | Reached skill level 5 in Evocations
 23144 | D:15     | Found a staircase to the Depths.
 23470 | D:15     | Reached skill level 10 in Spellcasting
 24034 | D:13     | Bought a pitted leather armour for 168 gold pieces
 24034 | D:13     | Identified the +6 leather armour "Hiap" {rF++ Str+3 Int+3}
                  | (You bought it in a shop on level 13 of the Dungeon)
 24176 | D:10     | You paid a toll of 4 potions of resistance to enter a
                  | treasure trove
 24177 | Trove    | Entered a treasure trove
 24179 | Trove    | Identified the amulet "Fidups" {Acrobat rPois rC+ Str+3}
 24181 | Trove    | Identified the ring "Cimixt Xelie" {Will+ Dex+6}
 24183 | Trove    | Identified the amulet of Varow {Acrobat rElec Str+3}
 24193 | Trove    | Identified the amulet of Yruzxypt {Acrobat rF+ rC- Str+3}
 24207 | Trove    | Identified the ring of the Mackerel {rCorr Int+6}
 24211 | Trove    | Identified the ring "Pikkethri" {Ice Will+}
 24222 | Trove    | Identified the ring "Ukemagy" {MP+9 Dex+3}
 24314 | Orc:1    | Entered Level 1 of the Orcish Mines
 24437 | Orc:1    | You are sucked into a shaft and drop 1 floor!
 24437 | Orc:2    | Entered Level 2 of the Orcish Mines
 24447 | Orc:2    | Offered knowledge of Fireball by Vehumet.
 24909 | Orc:2    | Found Bebyukle's Weapon Boutique.
 25006 | Orc:2    | Found Fanepp's Magic Scroll Shop.
 25100 | Orc:2    | Bought a scroll of amnesia for 52 gold pieces
 25100 | Orc:2    | Bought a scroll of revelation for 97 gold pieces
 25100 | Orc:2    | Bought a scroll of teleportation for 39 gold pieces
 25763 | Orc:2    | Found a staircase to the Elven Halls.
 26645 | Orc:2    | Noticed an orc warlord
 26655 | Orc:2    | Killed an orc warlord
 26675 | Orc:2    | Reached skill level 5 in Dodging
 26712 | Orc:2    | Found Meeriras's General Store.
 26852 | Orc:2    | Reached XP level 16. HP: 89/89 MP: 20/30
 26942 | Orc:2    | Found Ihagital's Distillery.
 26982 | Orc:2    | Bought a potion of magic for 120 gold pieces
 26982 | Orc:2    | Bought a potion of might for 60 gold pieces
 26982 | Orc:2    | Bought a potion of magic for 120 gold pieces
 26982 | Orc:2    | Bought a potion of mutation for 120 gold pieces
 26982 | Orc:2    | Bought a potion of curing for 45 gold pieces
 27215 | Spider:1 | Entered Level 1 of the Spider Nest
 27542 | Spider:1 | Offered knowledge of Yara's Violent Unravelling by Vehumet.
 27586 | Spider:1 | Noticed Mlioglotl
 27607 | Spider:1 | Killed Mlioglotl
 28921 | Spider:2 | Noticed Arachne
 28942 | Spider:2 | Killed Arachne
 29695 | Spider:2 | Reached skill level 15 in Earth Magic
 30555 | Spider:2 | Learned a level 5 spell: Borgnjor's Vile Clutch
 31750 | Spider:3 | Reached skill level 1 in Necromancy
 32354 | Spider:3 | Reached XP level 17. HP: 86/96 MP: 29/31
 32613 | Spider:3 | Offered knowledge of Ozocubu's Refrigeration by Vehumet.
 33608 | Spider:4 | Entered Level 4 of the Spider Nest
 33608 | Spider:4 | Noticed Nikola
 34090 | Spider:4 | Killed Nikola
 35053 | Spider:4 | HP: 3/97 [radroach (6)]
 37055 | Spider:4 | Offered knowledge of Maxwell's Capacitive Coupling by
                  | Vehumet.
 38729 | Spider:4 | Got a gossamer rune of Zot
 39062 | Swamp:1  | Entered Level 1 of the Swamp
 39954 | Orc:2    | Bought a scroll of acquirement for 676 gold pieces
 39954 | Orc:2    | Acquired a book of Spatial Translocations
 40119 | Swamp:2  | Found a white marble altar of Elyvilon.
 40247 | Swamp:2  | Reached XP level 18. HP: 95/104 MP: 33/33
 40939 | Swamp:2  | Reached skill level 15 in Conjurations
 42055 | Swamp:3  | Reached skill level 5 in Necromancy
 42110 | Swamp:3  | Found a hide-covered altar of Uskayaw.
 42229 | Swamp:3  | Reached ****** piety under Vehumet
 42813 | Swamp:4  | Identified the "Abewnok"
 42813 | Swamp:4  | Entered Level 4 of the Swamp
 43841 | Swamp:4  | Reached skill level 1 in Staves
 44016 | Swamp:4  | Offered knowledge of Lehudib's Crystal Spear by Vehumet.
 44016 | Swamp:4  | Offered knowledge of Fire Storm by Vehumet.
 44016 | Swamp:4  | Offered knowledge of Chain Lightning by Vehumet.
 44252 | Swamp:4  | Noticed a bone dragon
 44261 | Swamp:4  | Killed a bone dragon
 44591 | Swamp:4  | Reached skill level 10 in Evocations
 44897 | Swamp:4  | Got a decaying rune of Zot
 44908 | Swamp:4  | Learned a level 8 spell: Lehudib's Crystal Spear
 45347 | Vaults:1 | Entered Level 1 of the Vaults
 45347 | Vaults:1 | Found the +10 zealot's sword {holy, Zealotry, *Rage rN+
                  | EV+3}
 45810 | Vaults:1 | Learned a level 4 spell: Olgreb's Toxic Radiance
 45901 | Vaults:1 | Found a runed translucent door.
 45901 | Vaults:1 | Found a shimmering altar of Xom.
 45901 | Vaults:1 | Noticed jestert79's ghost (adept DjFE)
 46297 | Vaults:1 | Reached XP level 19. HP: 90/112 MP: 27/34
 47073 | Vaults:1 | Noticed Asterion
 47082 | Vaults:1 | Killed Asterion
 47163 | Vaults:1 | Reached skill level 10 in Fighting
 47337 | Vaults:1 | Reached skill level 5 in Staves
 48039 | Vaults:2 | Found a staircase to the Crypt.
 48603 | Vaults:2 | Noticed Bai Suzhen
 48613 | Vaults:2 | Killed Bai Suzhen
 48812 | Vaults:2 | Noticed Jory
 48821 | Vaults:2 | Killed Jory
 50020 | Vaults:3 | Noticed Zenata
 50045 | Vaults:3 | Killed Zenata
 50301 | Vaults:3 | Identified the +4 sling of Ofy Gik {freeze, rElec rPois rF-
                  | Str-5 Dex+4 SInv}
 50492 | Vaults:3 | Reached XP level 20. HP: 93/119 MP: 19/36
 50611 | Vaults:3 | Noticed Sojobo
 50623 | Vaults:3 | Killed Sojobo
 50811 | Vaults:3 | Identified the serpent talisman of Gokleemn {rElec rN+}
 50811 | Vaults:3 | Noticed Aizul
 50880 | Vaults:3 | Found Oxodoam's Assorted Antiques.
 50888 | Vaults:3 | Bought a potion of curing for 120 gold pieces
 50888 | Vaults:3 | Bought a twisted steel amulet for 200 gold pieces
 51280 | Vaults:3 | Killed Aizul
 52363 | Vaults:4 | Found Jinn's General Store.
 52368 | Vaults:4 | Bought a potion of cancellation for 136 gold pieces
 52368 | Vaults:4 | Bought a potion of curing for 51 gold pieces
 52802 | Vaults:4 | Identified the +3 leather armour of Blue Skies {rF- Will++
                  | rCorr Str+3}
 52871 | Vaults:4 | Identified the +1 scale mail of Light {rPois Int+3}
 53672 | Vaults:4 | Found Zaajiune's Antique Armour Boutique.
 53902 | Vaults:4 | Bought an ichor-stained robe for 210 gold pieces
 53902 | Vaults:4 | Identified the +1 robe of Egalitarianism {rElec MP+9} (You
                  | bought it in a shop on level 4 of the Vaults)
 54452 | Vaults:4 | Identified the ring of Wariness {Fire Int+5}
 54656 | D:14     | Reached XP level 21. HP: 74/126 MP: 34/38
 54862 | Vaults:5 | Identified the "Cepruyrr"
 54862 | Depths:1 | Entered Level 1 of the Depths
 54865 | Depths:1 | Found a bloodstained altar of Trog.
 55086 | Depths:1 | Found a gateway to Hell.
 55224 | Depths:1 | Found a one-way gate to the infinite horrors of the Abyss.
 55244 | Depths:1 | Found a magical portal.
 55416 | WizLab   | Entered Doroklohe's Tomb
 55690 | WizLab   | Reached skill level 10 in Staves
 56337 | Depths:1 | Learned a level 6 spell: Starburst
 57485 | Depths:2 | Identified the of Asenwatt
 58430 | Depths:2 | Noticed Saint Roka
 58439 | Depths:2 | Killed Saint Roka
 59090 | Depths:2 | Paralysed by an air elemental for 1 turns
 59427 | Depths:2 | Found a one-way gate leading to the halls of Pandemonium.
 59429 | Depths:2 | Identified the +1 chain mail of Virusi {Will++ Int+2}
 60012 | Depths:2 | Identified the staff of the Lonely Lovers {MP+9 Earth}
 60102 | Depths:2 | Noticed an ancient lich
 60106 | Depths:2 | Killed an ancient lich
 60107 | Depths:2 | Reached XP level 22. HP: 104/133 MP: 39/39
 60182 | Depths:3 | Found Zenys's Weapon Emporium.
 60187 | Depths:3 | Found a one-way gateway to a ziggurat.
 60741 | Depths:3 | Found a transporter.
 60741 | Depths:3 | Noticed a golden dragon
 60819 | Depths:3 | Found Babek's General Store.
 60827 | Depths:3 | Bought a scroll of summoning for 237 gold pieces
 60827 | Depths:3 | Bought a potion of curing for 75 gold pieces
 60827 | Depths:3 | Bought a scroll of teleportation for 75 gold pieces
 60865 | Depths:3 | Found Maculopp's Distillery.
 60885 | Depths:3 | Bought a potion of curing for 63 gold pieces
 60885 | Depths:3 | Bought a potion of curing for 63 gold pieces
 60885 | Depths:3 | Bought a potion of heal wounds for 105 gold pieces
 60970 | Depths:3 | Reached skill level 10 in Dodging
 61495 | Depths:3 | Found a transporter.
 61498 | Depths:3 | Noticed a golden dragon
 61520 | Depths:3 | Found Xuinamor's Assorted Antiques.
 61646 | Depths:3 | Bought a scroll of fear for 140 gold pieces
 61895 | Depths:3 | Found Zeesaklu's Distillery.
 61899 | Depths:3 | Bought a potion of curing for 57 gold pieces
 61899 | Depths:3 | Bought a potion of curing for 57 gold pieces
 61899 | Depths:3 | Bought 2 potions of curing for 114 gold pieces
 62066 | Depths:3 | Noticed a golden dragon
 62145 | Depths:4 | Entered Level 4 of the Depths
 62145 | Depths:4 | Found Yxyo's Antique Weapon Shoppe.
 62322 | Depths:4 | Found Odom's Weapon Shoppe.
 62687 | Depths:4 | Found Cautzeh's Assorted Antiques.
 63147 | Depths:4 | Found a shadowy altar of Dithmenos.
 63164 | Depths:4 | Noticed a golden dragon
 63387 | Depths:4 | Killed a golden dragon
 63770 | Depths:4 | Noticed a golden dragon
 63793 | Depths:4 | Killed a golden dragon
 63927 | Depths:4 | Found a gate to the Realm of Zot.
 64023 | Depths:4 | Paralysed by a vampire knight for 3 turns
 64657 | Elf:1    | Identified the of Keffan
 64657 | Elf:1    | Identified the "Zaxinom"
 64657 | Elf:1    | Entered Level 1 of the Elven Halls
 65508 | Elf:1    | Reached XP level 23. HP: 89/140 MP: 40/40
 65885 | IceCv    | Identified the of Patteode
 65970 | Elf:2    | Paralysed by an air elemental for 1 turns
 66142 | Elf:2    | Noticed Agnes
 66156 | Elf:2    | Killed Agnes
 66263 | Elf:2    | Found a frozen archway.
 66276 | IceCv    | Entered an ice cave
 66335 | IceCv    | Found a transporter.
 66345 | IceCv    | Found a transporter.
 67025 | Elf:2    | Found a runed translucent gate.
 67026 | Elf:2    | Found a runed translucent gate.
 67026 | Elf:2    | Found a runed translucent gate.
 67162 | Elf:2    | Noticed Donald
 67175 | Elf:2    | Killed Donald
 68292 | Elf:3    | Entered Level 3 of the Elven Halls
 68326 | Elf:3    | Found Fustos's Antique Armour Shoppe.
 68476 | Elf:3    | Noticed Roxanne
 68481 | Elf:3    | Killed Roxanne
 68482 | Elf:3    | Reached skill level 10 in Fire Magic
 68537 | Elf:3    | Found Kunke's Assorted Antiques.
 68539 | Elf:3    | Found Gunn's Book Emporium.
 68544 | Elf:3    | Found Vumosigo's Antique Armour Shoppe.
 68575 | Elf:3    | Bought a glowing buckler for 315 gold pieces
 68613 | Abyss:3  | Cast into level 3 of the Abyss (a deep elf sorcerer)
 68690 | Abyss:3  | Got an abyssal rune of Zot
 68830 | Elf:3    | Escaped the Abyss
 69200 | Elf:3    | Noticed Louise
 69212 | Abyss:4  | Cast into level 4 of the Abyss (Louise)
 69366 | Abyss:4  | Found a corrupted altar of Lugonu.
 69677 | Elf:3    | Escaped the Abyss
 69685 | Elf:3    | Killed Louise
 70204 | Elf:3    | Identified the +12 mace of Blind Justice {venom, *Corrode
                  | Fragile Str+6 SInv}
 70204 | Elf:3    | Identified the +2 leather armour "Zidianul" {Regen+ Int+3}
 70503 | Elf:3    | Reached XP level 24. HP: 98/148 MP: 18/41
 71026 | Elf:3    | Found the +8 autumn katana {manifold assault}
 71240 | Elf:3    | Identified the +8 plate armour of the Nine Dreams {Rampage
                  | Fly rF- rCorr}
 71299 | Elf:3    | Identified the +8 chain mail of Gepp {+Blink rF+}
 71767 | Slime:1  | Entered Level 1 of the Pits of Slime
 71782 | Slime:1  | Reached skill level 1 in Shields
 73677 | Slime:3  | You are sucked into a shaft and drop 1 floor!
 73684 | Slime:4  | Gained mutation: You are agile. (Dex +4, Str/Int -1) [a
                  | shining eye]
 75150 | Slime:5  | Entered Level 5 of the Pits of Slime
 75172 | Slime:5  | Gained mutation: You are vulnerable to heat. (rF-) [a
                  | shining eye]
 75293 | Slime:4  | Learned a level 8 spell: Ignition
 75322 | Slime:5  | Found the +0 mask of the Dragon {Will+ Slay+3 SInv}
 75324 | Slime:5  | Noticed the Royal Jelly
 75331 | Slime:5  | Killed the Royal Jelly
 75332 | Slime:5  | Reached skill level 5 in Shields
 75407 | Slime:5  | Gained mutation: You occasionally lose the ability to drink
                  | potions when taking damage. [a shining eye]
 75517 | Slime:4  | Lost mutation: You are vulnerable to heat. (rF-) [potion of
                  | mutation]
 75517 | Slime:4  | Lost mutation: You are somewhat resistant to further
                  | mutation. [potion of mutation]
 75517 | Slime:4  | Lost mutation: You are agile. (Dex +4, Str/Int -1) [potion
                  | of mutation]
 75517 | Slime:4  | Lost mutation: You are partially covered in iridescent
                  | scales. (AC +2) [potion of mutation]
 75517 | Slime:4  | Gained mutation: You have sharp toenails. [potion of
                  | mutation]
 75518 | Slime:4  | Lost mutation: You have sharp toenails. [potion of
                  | mutation]
 75518 | Slime:4  | Lost mutation: You occasionally lose the ability to drink
                  | potions when taking damage. [potion of mutation]
 75518 | Slime:4  | Gained mutation: You occasionally shout uncontrollably at
                  | your foes. [potion of mutation]
 75518 | Slime:4  | Gained mutation: You are partially covered in iridescent
                  | scales. (AC +2) [potion of mutation]
 75518 | Slime:4  | Gained mutation: A frigid envelope surrounds you and
                  | freezes all who hurt you. [potion of mutation]
 75518 | Slime:4  | Gained mutation: You have a pair of small antennae on your
                  | head. [potion of mutation]
 75519 | Slime:4  | Lost mutation: You have a pair of small antennae on your
                  | head. [potion of mutation]
 75519 | Slime:4  | Lost mutation: You are partially covered in iridescent
                  | scales. (AC +2) [potion of mutation]
 75519 | Slime:4  | Gained mutation: Your natural rate of healing is unusually
                  | fast. [potion of mutation]
 75519 | Slime:4  | Gained mutation: You passively dampen the noise of your
                  | surroundings. [potion of mutation]
 75519 | Slime:4  | Gained mutation: You have hidden genetic potential. [potion
                  | of mutation]
 75519 | Slime:4  | Gained mutation: You are partially covered in iridescent
                  | scales. (AC +2) [potion of mutation]
 75557 | Slime:5  | Identified the of Befragaas (You acquired it on level 5 of
                  | the Pits of Slime)
 75570 | Slime:5  | Acquired the +18 shield of the Gong {Loud rN+ Will+ rCorr
                  | EV-5}
 75570 | Slime:5  | Found the +18 shield of the Gong {Loud rN+ Will+ rCorr
                  | EV-5}
 75831 | Slime:5  | Identified the +4 chain mail of Intuition {Harm rElec rPois
                  | Dex+3}
 75840 | Slime:5  | Got a slimy rune of Zot
 76093 | Slime:5  | Identified the +6 rapier "Paanop" {freeze, Dex+2 Stlth+}
 76360 | Slime:5  | Identified the +7 arbalest "Cigink" {antimagic, rN+ Int+2}
 76361 | Slime:5  | Identified the ring "Umok" {Fire rPois Int-5 Dex+7}
 76367 | Slime:5  | Identified the scarf of Etasu {repulsion, Will+ Slay+3}
 76850 | Vaults:1 | Killed jestert79's ghost
 77042 | Vaults:5 | Entered Level 5 of the Vaults
 77046 | Vaults:5 | Reached XP level 25. HP: 152/154 MP: 41/41
 77256 | Vaults:5 | Identified the +0 scale mail of Zin's Pride {Will+}
 77327 | Vaults:5 | Noticed an ancient lich
 77327 | Vaults:5 | Noticed a dread lich
 77334 | Vaults:5 | Killed a dread lich
 77335 | Vaults:5 | Killed an ancient lich
 77336 | Vaults:5 | Reached skill level 15 in Spellcasting
 78023 | Vaults:5 | Got a silver rune of Zot
 78252 | Vaults:5 | Reached skill level 15 in Fighting
 78533 | Vaults:5 | Identified the staff of Gloom {rPois rC+ Str-3 Int+7
                  | Poison}
 79135 | Vaults:5 | Identified the +5 long sword of Duwk {heavy, Will+}
 79138 | Vaults:5 | Identified the +11 shortbow of Zetrotal {drain, rC+ Int+2
                  | SInv Stlth+}
 79635 | Vaults:5 | Identified the staff "Zula" {Str+4 Int-4 Conj}
 80022 | Zot:1    | Entered Level 1 of the Realm of Zot
 80318 | Zot:1    | Learned a level 7 spell: Spellforged Servitor
 80576 | Zot:1    | Noticed Parghit
 80585 | Zot:1    | Killed Parghit
 80621 | Zot:1    | Reached skill level 1 in Summonings
 80628 | Zot:1    | Gained mutation: You have great hidden genetic potential.
                  | [hidden potential]
 80825 | Zot:1    | Found a runed translucent gate.
 80825 | Zot:1    | Found a runed translucent gate.
 80825 | Zot:1    | Found a runed translucent gate.
 80828 | Zot:1    | Noticed Civybe Ogenn's ghost (legendary DsFi)
 81719 | Zot:1    | Reached XP level 26. HP: 161/161 MP: 35/42
 82124 | Zot:1    | Killed Civybe Ogenn's ghost
 82146 | Zot:1    | Identified the +1 arbalest "Lacertilianslayer" {heavy,
                  | rElec Dex+2}
 82347 | Zot:2    | Noticed Grunn
 82353 | Zot:2    | Killed Grunn
 84561 | Zot:2    | Reached skill level 10 in Shields
 84980 | Zot:2    | Noticed Vv
 84991 | Zot:2    | Killed Vv
 85651 | Zot:3    | Identified the +1 leather armour of Too Many Cooks {rPois
                  | rN+ Will+}
 85688 | Zot:3    | Gained mutation: You heal very quickly. [hidden potential]
 85688 | Zot:3    | Lost mutation: You have great hidden genetic potential.
                  | [hidden potential expressed]
 86032 | Zot:3    | Noticed an orb of fire
 87512 | Zot:4    | Reached XP level 27. HP: 167/168 MP: 42/42
 87524 | Zot:4    | Learned a level 9 spell: Fire Storm
 87713 | Zot:4    | Identified the storm talisman of Yfof {rN+ Int-3 Dex+7}
 88314 | Zot:4    | Learned a level 3 spell: Swiftness
 88317 | Zot:4    | Learned a level 2 spell: Blink
 88318 | Zot:5    | Entered Level 5 of the Realm of Zot
 88412 | Zot:5    | Reached skill level 15 in Fire Magic
 89422 | Zot:5    | Found a large runed translucent door.
 89424 | Zot:5    | Found a large runed translucent door.
 89427 | Zot:5    | Noticed Vyqe's ghost (master MfIE)
 89580 | Zot:5    | Killed Vyqe's ghost
 89702 | Zot:5    | Noticed an ancient lich
 89706 | Zot:5    | Killed an ancient lich
 89726 | Zot:5    | Noticed an ancient lich
 89736 | Zot:5    | Noticed an orb of fire
 89736 | Zot:5    | Noticed an orb of fire
 89954 | Zot:5    | Killed an ancient lich
 90156 | Zot:5    | Noticed an orb of fire
 90164 | Zot:5    | Killed an orb of fire
 90165 | Zot:5    | Noticed an orb of fire
 90171 | Zot:5    | Gained mutation: Your body sometimes deteriorates upon
                  | taking damage. [an orb of fire]
 90173 | Zot:5    | Killed an orb of fire
 90183 | Zot:5    | Noticed an orb of fire
 90203 | Zot:5    | Killed an orb of fire
 90282 | Zot:5    | Noticed a dread lich
 90295 | Zot:5    | Killed a dread lich
 91068 | Zot:5    | Lost mutation: You passively dampen the noise of your
                  | surroundings. [an orb of fire]
 91068 | Zot:5    | Gained mutation: Armour fits poorly on your strangely
                  | shaped body. [an orb of fire]
 91069 | Zot:5    | Killed an orb of fire
 91085 | Zot:5    | Lost mutation: Your body sometimes deteriorates upon taking
                  | damage. [potion of mutation]
 91085 | Zot:5    | Lost mutation: You heal very quickly. [potion of mutation]
 91085 | Zot:5    | Gained mutation: You are agile. (Dex +4, Str/Int -1)
                  | [potion of mutation]
 91391 | Zot:5    | Gained mutation: You are partially covered in large bone
                  | plates. (SH +4) [hidden potential]
 91582 | Zot:5    | Killed an orb of fire
 92006 | Zot:5    | Got the Orb of Zot
 92196 | Depths:2 | Noticed Paxzexid the pandemonium lord
 92201 | Depths:2 | Killed Paxzexid the pandemonium lord
 92372 | D:11     | Noticed Cerr the pandemonium lord
 92445 | D:5      | Noticed Cuyrakylig the pandemonium lord
 92447 | D:5      | Killed Cuyrakylig the pandemonium lord
 92649 | D:$      | Escaped with the Orb!

Illustrated notes

Levels and vault maps discovered:
D:1:      psy_arrival_whirlpool, layout_rooms
D:2:      layout_rooms, uniq_crazy_yiuf_cottage
D:3:      wad_lake_hut, layout_loops_ring, nicolae_elyvilon_peaceful_grove,
          serial_shops, nicolae_shop_overgrown_old_shop,
          nicolae_shop_hallway_plus, gup_sewer_entry_pipe
D:4:      kennysheep_the_goblin_king, layout_loops_corners,
          minmay_temple_entry_arrows
D:5:      layout_basic, gammafunk_ghost_necromancy, nicolae_figureground_pulse
D:6:      layout_rooms, minmay_misc_feat_x, minmay_quadrilaterals
D:7:      layout_basic, kennysheep_little_box
D:8:      layout_rooms, nicolae_uskayaw_murder_on_the_dancefloor, serial_shops,
          shop, ebering_ghost_reflecting_pool
D:9:      layout_roguey, david_lair_shrubbed, kennysheep_cross_room
D:10:     layout_cross, nicolae_ru_great_annihilating_truth,
          nicolae_trove_entry_isolated
D:11:     layout_stronghold, david_orc_4, serial_rivers,
          chequers_serial_rivers_room_b, chequers_serial_rivers_micro_d,
          chequers_serial_rivers_marsh, chequers_serial_rivers_micro_e,
          chequers_serial_rivers_large_a, chequers_serial_rivers_micro_e,
          fedhas_altar_3
D:12:     layout_small_grid, nrook_guardian_serpent_double
D:13:     layout_roguey, serial_shops, shop, nicolae_shop_peninsula, shop,
          nicolae_shop_rolling_square
D:14:     layout_roguey, erik_vaults_2, gauntlet_entry_generic
D:15:     grunt_enter_depths_snipers, layout_stronghold, kennysheep_kite_vault
Temple:   mainiacjoe_temple_bowtie_tessellation
Lair:1:   layout_chaotic_city, minivault_24
Lair:2:   layout_regular_city, spider_nest_entry_rubble, serial_bayou_pond_b,
          grunt_megastairs_3
Lair:3:   layout_roguey, minmay_swamp_entry_reptiles
Lair:4:   beast_lair_carwin_large_3, layout_misc_corridors, lemuel_fruit_fields,
          grunt_megastairs_5
Lair:5:   minmay_lair_end_frog_pond, layout_long_grid,
          minmay_slime_entry_jelly_boxes, gammafunk_lair_bear_cave
Swamp:1:  layout_falls_marsh, nicolae_swamp_well_well_well,
          nicolae_swamp_long_stream, nicolae_swamp_tree_isthmus,
          infiniplex_staircase_pool
Swamp:2:  layout_falls_marsh, basic_altar, nicolae_swamp_bean_lake,
          nicolae_swamp_wisp_ring_woods, nicolae_swamp_decorative_isthmus
Swamp:3:  layout_basic_swamp, basic_altar
Swamp:4:  swamp_pestilence, layout_basic_swamp, swamp_pool_1_2
Spider:1: layout_spider_delve, uniq_mlioglotl
Spider:2: nicolae_spider_hilbert_zone_7 [nicolae_spider_hilbert_4_sides_1_open,
          nicolae_spider_hilbert_4_sides_1_open,
          nicolae_spider_hilbert_4_sides_1_open,
          nicolae_spider_hilbert_4_sides_1_open,
          nicolae_spider_hilbert_3_sides_1_open,
          nicolae_spider_hilbert_3_sides_1_open,
          nicolae_spider_hilbert_3_sides_1_open,
          nicolae_spider_hilbert_3_sides_1_open,
          nicolae_spider_hilbert_4_sides_1_open,
          nicolae_spider_hilbert_4_sides_1_open,
          nicolae_spider_hilbert_4_sides_1_open,
          nicolae_spider_hilbert_2_sides_1_open,
          nicolae_spider_hilbert_2_sides_1_open,
          nicolae_spider_hilbert_2_sides_1_open,
          nicolae_spider_hilbert_2_sides_1_open,
          nicolae_spider_hilbert_2_sides_1_open,
          nicolae_spider_hilbert_2_sides_1_open], uniq_arachne
Spider:3: layout_spider_delve, hangedman_spider_tarantella_strand
Spider:4: hellmonk_spider_rune_bug_friends, nicolae_spider_some_kinda_spiderbox,
          uniq_nikola
Slime:1:  layout_caves
Slime:2:  layout_caves
Slime:3:  layout_caves
Slime:4:  layout_caves
Slime:5:  slime_pit_nicolae_inversion
Orc:1:    layout_caves
Orc:2:    pubby_orc_utopia
Elf:1:    eino_elf_arrival_customs, layout_gridlike, minmay_elf_necromancy
Elf:2:    nicolae_elf_blades_crystal_corner, layout_loops_corners,
          portal_ice_cave_entry_dragon, nicolae_elf_free_trip_to_the_abyss,
          uniq_donald, uniq_agnes
Elf:3:    minmay_elf_hall_hex, layout_geoelf_grid, serial_shops, shop,
          fountainhead, minmay_shop_star, uniq_roxanne, uniq_louise
Vaults:1: ebering_ghost_xom, ontoclasm_vaults_tryst, nicolae_vaults_apartment_1,
          nicolae_vaults_wine_cellar, nicolae_vaults_network_s,
          nicolae_vaults_prndl, nicolae_vaults_house_1, minmay_orc_keep,
          nicolae_vaults_layer_cake_slice, hangedman_vaults_stagger,
          nicolae_vaults_trapezoid_layered, nicolae_vaults_frosty_reception,
          vaults_mumra_lcd, nicolae_vaults_tetromino_L_1,
          nicolae_vaults_diamond_2, nicolae_vaults_little_squares_4,
          layout_vaults_omnicross, uniq_asterion
Vaults:2: nicolae_vaults_tetromino_T_2, nicolae_vaults_diamond_2,
          hangedman_vaults_slice, hangedman_vaults_capsules,
          minmay_crypt_entry_simple_box, nicolae_vaults_little_squares_5,
          v_misc_26, nicolae_vaults_house_1, vaults_dpeg_hooks,
          layout_vaults_omnigrid, uniq_bai_suzhen, uniq_jory
Vaults:3: nicolae_vaults_six-pack, nicolae_vaults_doubleplus_tesselated,
          nicolae_vaults_mini_display_case, v_alt_pattern_2,
          nicolae_vaults_little_guard_posts,
          vaults_standard_mumra_enter_the_diamond, nicolae_vaults_weapon_check,
          ontoclasm_vaults_pinch, nicolae_vaults_offset_grid_hallway_3,
          ontoclasm_vaults_twist, layout_vaults_omnibox, serial_shops, shop,
          uniq_aizul, uniq_sojobo, uniq_zenata
Vaults:4: nicolae_vaults_hexular_roomagon, nicolae_vaults_little_ls,
          hangedman_vaults_cutoff, vaults_room_semicircle, v_misc_16,
          vaults_mumra_minichess, v_rooms_3, nicolae_vaults_tetromino_L_1,
          vaults_room_hallway, nicolae_vaults_heist,
          nicolae_vaults_little_squares_4, v_misc_22, layout_vaults_ring,
          serial_shops, shop_fountains, nicolae_shop_hallway_plus
Vaults:5
Depths:1: layout_gridville, pf_coc_iceberg, abyss_entry, mu_enter_wizlab_6,
          trog_three_pillars_becter
Depths:2: constructs_gauntlet_mu_hangedman, layout_gridlike, abyss_entry,
          pf_hell_entry_tar_river, pan_entry, nrook_uturn, grunt_ministairs_13,
          infiniplex_staircase_zigzag_3, uniq_saint_roka
Depths:3: gammafunk_the_bubble [the_bubble_gammafunk_split], layout_gridlike,
          enter_ziggurat_e, hangedman_decor_clover_reticule, hellmouth_3,
          serial_shops, shop, shop_statue, nicolae_shop_back_alley_shop,
          shop_coins, shop, abyss_entry, infiniplex_staircase_zigzag_4
Depths:4: evilmike_zot_entry_gauntlet, layout_cave_shapes,
          grunt_dithmenos_smoke, rand_demon_pan_entry_8, serial_rivers,
          chequers_serial_rivers_small_a, chequers_serial_rivers_micro_c,
          chequers_serial_rivers_room_b, chequers_serial_rivers_micro_e,
          chequers_serial_rivers_micro_b, hell_entry, serial_shops, shop,
          nicolae_shop_statue_plus, nicolae_shop_advertising_works
          [nicolae_subvault_shop_adworks], hangedman_glass_teeth
Zot:1:    layout_basic, ebering_ghost_rock_garden, regret_index_zotdec_wing_it,
          uniq_parghit
Zot:2:    layout_gridlike, uniq_vv, uniq_grunn
Zot:3:    layout_twisted_circle, regret_index_zotdec_misc_clamp,
          st_small_dragon_hoard_1, nicolae_zot_crop_circle
Zot:4:    layout_gridlike, regret_index_zotdec_icy_dp, st_stairs_13,
          lemuel_golem_globe
Zot:5:    layout_misc_corridors, ebering_ghost_disaster_area, st_stairs_6

Skill      XL: |  1  2  3  4  5  6  7  8  9 10 11 12 13 14 15 16 17 18 19 20 21 22 23 24 25 26 27 |
---------------+----------------------------------------------------------------------------------+-----
Earth Magic    | 4 5 6 7 8 9 10 11 12 13 14 15 16 17 18 19 20 21 22 | 22.4
Conjurations   | 1 2 3 4 6 7 8 10 11 12 13 14 15 16 17 18 19 20 21 22 | 22.3
Evocations     | 1 2 3 4 6 7 9 10 11 12 13 14 | 14.5
Spellcasting   | 3 4 5 6 7 8 9 10 11 12 13 14 15 16 | 16.7
Poison Magic   | 3 5 7 8 10 11 12 | 12.0
Transmutations | 1 3 5 6 7 8 9 |  9.0
Fire Magic     | 1 4 6 7 9 10 12 13 14 17 | 17.2
Fighting       | 2 4 5 6 7 8 9 10 11 12 13 14 15 17 | 17.3
Armour         | 2 4 5 |  5.4
Dodging        | 2 3 4 5 6 7 8 9 10 11 12 | 12.3
Necromancy     | 1 4 5 |  5.0
Staves         | 3 7 9 11 12 | 12.0
Shields        | 5 8 10 | 10.6
Summonings     | 2 4 |  4.0
Stealth        | |  2.1

Action                     |  1- 3 |  4- 6 |  7- 9 | 10-12 | 13-15 | 16-18 | 19-21 | 22-24 | 25-27 || total
---------------------------+-------+-------+-------+-------+-------+-------+-------+-------+-------++-------
  Melee: Unarmed           |    12 |       |       |       |       |       |       |       |       ||    12
         Rapier            |     4 |    22 |       |       |       |       |       |       |       ||    26
         Morningstar       |     3 |       |       |       |       |       |       |       |       ||     3
         Mace              |     1 |     9 |       |       |       |       |       |       |       ||    10
         Whip              |       |     1 |       |    21 |   102 |    92 |       |       |       ||   216
         Punch             |       |       |       |     1 |       |     3 |     4 |     2 |       ||    10
         Hand axe          |       |       |       |       |       |    21 |       |       |       ||    21
         Staff             |       |       |       |       |       |    25 |   126 |   291 |   129 ||   571
   Cast: Sandblast         |    29 |   140 |   137 |   166 |   367 |   555 |   318 |   397 |    93 ||  2202
         Passwall          |       |     1 |     3 |       |       |     4 |     6 |     1 |    10 ||    25
         Brom's Barrelling |       |       |     3 |     5 |       |       |       |       |       ||     8
         Olgreb's Toxic Ra |       |       |       |    51 |   125 |    94 |    71 |    46 |       ||   387
         Ignite Poison     |       |       |       |    37 |   104 |    61 |    74 |    34 |       ||   310
         Stone Arrow       |       |       |       |    21 |    12 |       |       |       |       ||    33
         Iskenderun's Myst |       |       |       |     2 |     2 |     2 |       |       |       ||     6
         Bombard           |       |       |       |     8 |    48 |   224 |   155 |   235 |   105 ||   775
         Eringya's Noxious |       |       |       |       |    35 |    19 |    36 |    40 |     2 ||   132
         Lee's Rapid Decon |       |       |       |       |    17 |    25 |    61 |    42 |    45 ||   190
         Borgnjor's Vile C |       |       |       |       |       |    36 |    14 |    17 |    14 ||    81
         Lehudib's Crystal |       |       |       |       |       |     5 |    37 |    63 |   331 ||   436
         Starburst         |       |       |       |       |       |       |     1 |    34 |    14 ||    49
         Ignition          |       |       |       |       |       |       |       |    14 |    36 ||    50
         Spellforged Servi |       |       |       |       |       |       |       |       |    18 ||    18
         Fire Storm        |       |       |       |       |       |       |       |       |     6 ||     6
  Evoke: Wand              |       |       |       |     3 |     2 |    41 |     2 |     1 |     1 ||    50
         Tin of tremorston |       |       |       |       |       |     1 |       |     2 |       ||     3
         Phantom mirror    |       |       |       |       |       |       |       |       |     1 ||     1
    Use: Scroll            |       |    11 |     1 |    18 |    18 |     9 |     5 |    15 |    11 ||    88
         Potion            |       |       |       |     1 |     3 |    14 |     8 |    20 |    15 ||    61
   Stab: Sleeping          |       |     1 |       |       |       |       |       |       |       ||     1
 Armour: Robe              |    30 |    64 |    99 |   126 |       |       |       |       |       ||   319
         Steam dragon scal |       |       |       |    15 |   299 |       |       |       |       ||   314
         Leather armour    |       |       |       |       |   116 |  1292 |   614 |   868 |   573 ||  3463
  Dodge: Dodged            |    32 |    57 |    85 |   157 |   401 |   804 |   373 |   585 |   399 ||  2893
  Block: Other             |       |       |       |       |       |       |    64 |     3 |       ||    67
         Reflection        |       |       |       |       |       |       |     7 |       |     7 ||    14
         Buckler           |       |       |       |       |       |       |       |   181 |   238 ||   419
         Kite shield       |       |       |       |       |       |       |       |     2 |       ||     2

Table legend: (Time is in decaauts)
 A = Elapsed time spent in this place.
 B = Non-inter-level travel time spent in this place.
 C = Inter-level travel time spent in this place.
 D = Time resting spent in this place.
 E = Time spent auto-exploring this place.
 F = Levels seen in this place.
 G = Mean time per level.
                   A        B        C        D        E       F      G
               +--------+--------+--------+--------+--------+-----+--------+
         Total |  93862 |  86544 |   7318 |  18914 |  52063 |  60 | 1564.4 |
       Dungeon |  19425 |  17184 |   2241 |   2425 |  11648 |  15 | 1295.0 |
        Temple |     56 |      6 |     50 |      0 |      0 |   1 |   56.0 |
          Lair |   6606 |   5627 |    979 |    533 |   4050 |   5 | 1321.2 |
         Swamp |   5998 |   5836 |    162 |   1318 |   3481 |   4 | 1499.5 |
   Spider Nest |  11835 |  10756 |   1079 |   5183 |   4110 |   4 | 2958.8 |
    Slime Pits |   4903 |   4674 |    229 |    466 |   3189 |   5 |  980.6 |
  Orcish Mines |   3068 |   2788 |    280 |     80 |   2132 |   2 | 1534.0 |
   Elven Halls |   6117 |   5836 |    281 |   1111 |   3448 |   3 | 2039.0 |
        Vaults |  12432 |  11623 |    809 |   1686 |   8035 |   5 | 2486.4 |
        Depths |   9574 |   8856 |    718 |   2197 |   5203 |   4 | 2393.5 |
           Zot |  12125 |  11640 |    485 |   3680 |   6052 |   5 | 2425.0 |
         Abyss |    684 |    684 |      0 |     39 |    264 |   3 |  228.0 |
         Trove |     77 |     77 |      0 |      0 |      0 |   1 |   77.0 |
         Sewer |    546 |    546 |      0 |     93 |    371 |   1 |  546.0 |
      Ice Cave |    127 |    127 |      0 |      0 |     51 |   1 |  127.0 |
        Wizlab |    281 |    281 |      0 |    101 |     27 |   1 |  281.0 |
               +--------+--------+--------+--------+--------+-----+--------+

Top non-repeatable levels by time:
Spider:3: 5952 daAuts
   Zot:5: 3639 daAuts
   Zot:1: 3393 daAuts
Depths:2: 2815 daAuts
   Elf:2: 2714 daAuts
   Orc:2: 2661 daAuts
Vaults:5: 2621 daAuts
Spider:2: 2560 daAuts
Vaults:3: 2517 daAuts
Vaults:2: 2493 daAuts
Vaults:4: 2418 daAuts
Depths:1: 2395 daAuts
Vaults:1: 2382 daAuts
Depths:4: 2342 daAuts
    D:11: 2188 daAuts
